 Dungeon Crawl Stone Soup version 0.30-a0-374-g95c0257040 (webtiles) character file.

Game seed: 5519404434154299336

4291 MTVSty1e the Cleaver (level 10, -3/94 HPs)
             Began as a Minotaur Fighter on Nov 26, 2022.
             Was a High Priest of Okawaru.
             Killed from afar by an electric eel (13 damage)
             ... with a bolt of electricity
             ... in a bailey.
             The game lasted 00:09:25 (7736 turns).

MTVSty1e the Cleaver (Minotaur Fighter)             Turns: 7736, Time: 00:09:26

Health: -3/94      AC:  9    Str: 25    XL:     10   Next: 11%
Magic:  7/9        EV:  8    Int:  5    God:    Okawaru [*****.]
Gold:   458        SH: 15    Dex: 10    Spells: 9/9 levels left

rFire   . . .      SeeInvis .    a - +1 war axe
rCold   + . .      Faith    .    A - +1 tower shield {rN+}
rNeg    + . .      Spirit   .    b - +0 scale mail
rPois   +          Reflect  .    (helmet restricted)
rElec   .          Harm     .    (no cloak)
rCorr   .          Rampage  .    t - +0 pair of gloves
Will    .....                    (no boots)
Stlth   +.........               (no amulet)
HPRegen 0.35/turn                u - ring of protection from cold
MPRegen 0.11/turn                r - ring of poison resistance

@: heroic
A: horns 2, retaliatory headbutt
a: Renounce Religion, Heroism, Finesse, Duel


You were in a bailey.
You worshipped Okawaru.
Okawaru was extremely pleased with you.
You visited 2 branches of the dungeon, and saw 9 of its levels.
You also visited: Sewer, Ossuary and Bailey.

You collected 458 gold pieces.

Inventory:

Hand Weapons
 a - a +1 war axe (weapon)
Missiles
 v - 5 throwing nets (quivered)
Armour
 b - a +0 scale mail (worn)
 c - a +0 buckler
 t - a +0 pair of gloves (worn)
 A - a +1 tower shield of positive energy (worn)
Jewellery
 r - a ring of poison resistance (right hand)
 u - a ring of protection from cold (left hand)
 C - a +6 ring of dexterity
Wands
 p - a wand of flame (63)
 y - a wand of digging (5)
Scrolls
 e - 7 scrolls of identify
 k - a scroll of amnesia
 m - 3 scrolls of teleportation
 x - a scroll of enchant weapon
 B - 2 scrolls of poison
Potions
 d - 3 potions of might
 f - 2 potions of mutation
 g - 2 potions of degeneration {unknown}
 h - a potion of invisibility {unknown}
 i - 2 potions of ambrosia
 j - 10 potions of curing
 l - 2 potions of heal wounds
 n - 3 potions of lignification {unknown}
 o - 3 potions of attraction {unknown}
 q - a potion of resistance {unknown}
 s - 3 potions of brilliance
 w - 2 potions of haste {unknown}


   Skills:
 + Level 10.8(15.8) Fighting
 * Level 14.3(19.3) Axes
 - Level 3.6(8.6) Armour
 - Level 3.6(8.6) Shields


You had 9 spell levels left.
You didn't know any spells.
Your spell library contained the following spells:

 Spells                   Type           Power      Damage    Failure   Level
 Beastly Appendage        Tmut           0%         N/A       100%        1
 Wereblood                Tmut           0%         N/A       100%        2
 Frozen Ramparts          Ice            0%         1d1       100%        3
 Inner Flame              Hex/Fire       0%         N/A       100%        3
 Spider Form              Tmut/Pois      0%         N/A       100%        3
 Cause Fear               Hex            0%         N/A       100%        4
 Ice Form                 Ice/Tmut       0%         N/A       100%        4
 Discord                  Hex            0%         N/A       100%        8
 Summon Ice Beast         Ice/Summ       Unusable   N/A       N/A         4

Dungeon Overview and Level Annotations

Branches:
Dungeon (8/15)             Temple (1/1) D:4           Sewer (visited)
Ossuary (visited)          Bailey (1/1)
   Lair: D:8-11

Altars:
Ashenzari
Cheibriados
Dithmenos
Elyvilon
Fedhas
Gozag
Hepliaklqana
Kikubaaqudgha
Makhleb
Nemelex Xobeh
Okawaru
Qazlal
Ru
Sif Muna
Trog
Uskayaw
Vehumet
Wu Jian
Xom
Yredelemnul
The Shining One

Shops:
D:4 *   D:5 =

Annotations:
D:4 3 runed translucent doors, mopl's ghost, amateur GnMo
D:6 2 transporters, lukessrichardson1's ghost, amateur DsBe


Innate Abilities, Weirdness & Mutations

You have a pair of horns on your head.
You reflexively headbutt those who attack you in melee.


Message History

The goblin hits you but does no damage. The orc warrior barely misses you.
The orc warrior hits you with a +0 war axe!
The hobgoblin hits you with a +0 hand axe.
The electric eel moves out of view.
You slice the orc warrior!!
You kill the orc warrior!
Okawaru accepts your kill.
You hit the goblin. You hit the orc warrior. You closely miss the hobgoblin.
You block the orc warrior's attack. You block the goblin's attack.
You block the hobgoblin's attack.
The electric eel shoots out a bolt of lightning at you!
The bolt of electricity hits you. The bolt of electricity misses you.
The bolt of electricity hits the goblin!
The goblin dies!
You hit the orc warrior but do no damage.
The orc warrior is lightly wounded.
You slash the hobgoblin!
You kill the hobgoblin!
The electric eel shoots out a bolt of lightning at you!
The bolt of electricity hits you! x2
You are too injured to fight recklessly!
You are too injured to fight recklessly!
There are monsters nearby!
You feel much better.
The orc warrior hits you with a +0 broad axe.
The electric eel shoots out a bolt of lightning at you!
The bolt of electricity hits you! x2
You gain the combat prowess of a mighty hero.
You block the orc warrior's attack.
The electric eel shoots out a bolt of lightning at you!
The bolt of electricity hits you. The bolt of electricity hits you!
* * * LOW HITPOINT WARNING * * *
You hit the orc warrior. Your headbutt misses the orc warrior.
The orc warrior is moderately wounded.
You block the orc warrior's attack.
The electric eel shoots out a bolt of lightning at you!
The bolt of electricity hits you!
* * * LOW HITPOINT WARNING * * *
The bolt of electricity hits you!
You die...

###≈≈≈≈≈# #.~≈≈≈≈≈#
#.~≈≈≈≈.######
####++#.~≈≈≈≈......#
#.....#.S≈≈≈≈......###
#.....'..............#
#..⌠.)o..........∩..∩#
#.....@..............#
#....)#.~≈≈≈≈......###
####++#.~≈≈≈≈......#
#.~≈≈≈≈.######
#.~≈≈≈≈≈# ###≈≈≈≈≈#
#≈≈≈≈≈# #≈≈≈≈≈#
#≈≈≈≈≈#


You could see an orc warrior and an electric eel.

Vanquished Creatures
  Prince Ribbit (D:5)
  A steam dragon (D:7)
  3 black bears
  2 orc warriors
  2 ice beasts (D:7)
  2 sky beasts
  2 ogres
  2 centaurs
  6 kobold brigands
  2 phantoms
  An elf zombie (Ossuary)
  4 bullfrogs
  3 scorpions
  4 killer bees (D:7)
  6 wights (D:7)
  A howler monkey (D:5)
  2 electric eels (Bailey)
  3 centaur zombies (Ossuary)
  2 jellies
  3 hounds
  4 orc priests
  A gnoll bouda (D:8)
  2 human zombies (Ossuary)
  Jessica (D:2)
  2 iguanas
  6 orc wizards
  Ijyb (D:5)
  2 mummies (Ossuary)
  17 gnolls
  7 adders
  2 river rats (Sewer)
  A shadow imp (D:6)
  2 adder zombies (Ossuary)
  3 worms
  2 dart slugs (D:3)
  26 orcs
  4 giant cockroaches
  4 goblins
  6 hobgoblins
  8 jackals
  16 kobolds
  6 quokkas
  14 ball pythons
  4 bats
  6 frilled lizards
  A goblin zombie (Ossuary)
  9 hobgoblin zombies (Ossuary)
  14 kobold zombies (Ossuary)
  4 orc zombies (Ossuary)
  5 rats
  A rat zombie (Ossuary)
233 creatures vanquished.

Vanquished Creatures (others)
  2 goblins (Bailey)
  11 plants (Sewer)
13 creatures vanquished.

Grand Total: 246 creatures vanquished

Notes
Turn   | Place    | Note
-------+----------+-------------------------------------------
     0 | D:1      | MTVSty1e the Minotaur Fighter began the quest for the Orb.
     0 | D:1      | Reached XP level 1. HP: 19/19 MP: 0/0
    22 | D:1      | Found a faded altar of an unknown god.
    59 | D:1      | Reached skill level 3 in Axes
   139 | D:1      | Reached XP level 2. HP: 27/27 MP: 1/1
   632 | D:2      | Noticed Jessica
   636 | D:2      | Killed Jessica
   637 | D:2      | Reached skill level 4 in Axes
   637 | D:2      | Reached XP level 3. HP: 28/33 MP: 2/2
  1024 | D:2      | Reached XP level 4. HP: 41/41 MP: 3/3
  1814 | D:4      | Reached skill level 5 in Axes
  1821 | D:4      | Reached XP level 5. HP: 12/47 MP: 4/4
  2028 | D:4      | Found a staircase to the Ecumenical Temple.
  2061 | Temple   | Entered the Ecumenical Temple
  2361 | Temple   | Became a worshipper of Warmaster Okawaru
  2488 | D:4      | Noticed a sky beast
  2494 | D:4      | Killed a sky beast
  2495 | D:4      | Reached skill level 5 in Fighting
  2495 | D:4      | Reached skill level 6 in Axes
  2566 | D:4      | Found a runed translucent gate.
  2567 | D:4      | Found a runed translucent gate.
  2567 | D:4      | Found a runed translucent gate.
  2576 | D:4      | Noticed mopl's ghost (amateur GnMo)
  2600 | D:4      | Found Kany's CLEARANCE SALE!.
  2645 | D:4      | Reached XP level 6. HP: 53/56 MP: 5/5
  2961 | D:4      | Reached * piety under Okawaru
  2962 | D:4      | Reached skill level 7 in Axes
  3211 | D:4      | Found an ornate altar of the Wu Jian Council.
  3406 | D:5      | Entered Level 5 of the Dungeon
  3461 | D:5      | Reached XP level 7. HP: 49/63 MP: 6/6
  3476 | D:5      | Reached skill level 8 in Axes
  3516 | D:5      | Found the +7 staff of the Meek {protect, meekguard}
  3653 | D:5      | Found a sacrificial altar of Ru.
  3747 | D:5      | Reached ** piety under Okawaru
  3749 | D:5      | Found a glowing drain.
  3760 | D:5      | Reached skill level 9 in Axes
  3763 | Sewer    | Entered a sewer
  3839 | Sewer    | Reached XP level 8. HP: 66/73 MP: 7/7
  4182 | Sewer    | Reached skill level 10 in Axes
  4513 | D:5      | Found Cytsol's Jewellery Emporium.
  4513 | D:5      | Noticed Prince Ribbit
  4525 | D:5      | Killed Prince Ribbit
  4874 | D:5      | Reached skill level 11 in Axes
  5035 | D:5      | Noticed Ijyb
  5047 | D:5      | Killed Ijyb
  5047 | D:5      | Reached *** piety under Okawaru
  5181 | D:6      | Found a sand-covered staircase.
  5185 | Ossuary  | Entered an ossuary
  5308 | Ossuary  | Reached XP level 9. HP: 34/82 MP: 8/8
  5594 | D:6      | Reached skill level 12 in Axes
  5625 | D:6      | Found a transporter.
  5628 | D:6      | Noticed lukessrichardson1's ghost (amateur DsBe)
  5635 | D:6      | Found a transporter.
  5995 | D:6      | Found a broken altar of Ashenzari.
  6069 | D:6      | Found a shimmering altar of Xom.
  6528 | D:7      | Reached **** piety under Okawaru
  6655 | D:7      | Reached skill level 13 in Axes
  6749 | D:7      | Reached skill level 10 in Fighting
  7166 | D:7      | Reached skill level 14 in Axes
  7425 | D:8      | Reached XP level 10. HP: 78/94 MP: 9/9
  7482 | D:8      | Reached ***** piety under Okawaru
  7587 | D:8      | Found a flagged portal.
  7640 | Bailey   | Entered a bailey
  7736 | Bailey   | Killed from afar by an electric eel

Illustrated notes

Levels and vault maps discovered:
D:1:      saegor_arrival_simple_c, layout_basic,
          shapermc_ecumenical_altar_starsandcircs
D:2:      layout_loops_ring, uniq_jessica
D:3:      layout_basic, hangedman_abyss_or_decor_lesser_grid
D:4:      layout_loops_ring, nzn_wu_jian_council_hall,
          minmay_temple_entry_metal_lava, gammafunk_ghost_split,
          nicolae_shop_clearance
D:5:      layout_basic, nicolae_ru_great_annihilating_truth,
          cheibrodos_sewer_entry_sluice, serial_shops, nicolae_shop_trees,
          pf_guarded_unrand_meek, uniq_prince_ribbit1, uniq_ijyb
D:6:      minmay_octagon_keep, layout_layer_cave, tgw_xom,
          mainiacjoe_overflow_24_doors, gammafunk_ghost_arena,
          nicolae_ossuary_entry_false_entrances
D:7:      layout_rooms
D:8:      layout_cave_pools, enter_bailey_2
Temple:   minmay_temple_bridge_d
Bailey:   bailey_axe_of_yendor_kennysheep, bailey

Skill      XL: |  1  2  3  4  5  6  7  8  9 |
---------------+----------------------------+-----
Axes           | 3 4 5 6 7 9 11 14 | 14.3
Fighting       | 4 5 6 7 8 10 | 10.8
Armour         | |  3.6
Shields        | |  3.6

Action                   |  1- 3 |  4- 6 |  7- 9 | 10-12 || total
-------------------------+-------+-------+-------+-------++-------
Melee: War axe           |    55 |   114 |   328 |    28 ||   525
       Headbutt          |     6 |    10 |    63 |     6 ||    85
Invok: Heroism           |       |       |       |     1 ||     1
  Use: Scroll            |       |       |    13 |     1 ||    14
       Potion            |       |       |       |     1 ||     1
Armor: Scale mail        |    30 |    55 |   112 |     7 ||   204
Dodge: Dodged            |    28 |    50 |   129 |    10 ||   217
Block: Buckler           |    12 |    21 |    40 |     4 ||    77
       Tower shield      |       |       |       |    13 ||    13

Table legend: (Time is in decaauts)
 A = Elapsed time spent in this place.
 B = Non-inter-level travel time spent in this place.
 C = Inter-level travel time spent in this place.
 D = Time resting spent in this place.
 E = Time spent auto-exploring this place.
 F = Levels seen in this place.
 G = Mean time per level.
                   A        B        C        D        E       F      G
               +--------+--------+--------+--------+--------+-----+--------+
         Total |   7913 |   7580 |    333 |   1056 |   5179 |  12 |  659.4 |
       Dungeon |   6262 |   6074 |    188 |    839 |   4271 |   8 |  782.8 |
        Temple |    371 |    226 |    145 |      0 |    214 |   1 |  371.0 |
         Sewer |    838 |    838 |      0 |     30 |    617 |   1 |  838.0 |
       Ossuary |    344 |    344 |      0 |    141 |     65 |   1 |  344.0 |
        Bailey |     96 |     96 |      0 |     46 |     11 |   1 |   96.0 |
               +--------+--------+--------+--------+--------+-----+--------+

Top non-repeatable levels by time:
     D:4: 1264 daAuts
     D:5: 1056 daAuts
     D:7: 953 daAuts
     D:6: 952 daAuts
   Sewer: 838 daAuts
     D:2: 746 daAuts
     D:3: 553 daAuts
     D:1: 516 daAuts
  Temple: 371 daAuts
 Ossuary: 344 daAuts
     D:8: 219 daAuts
  Bailey: 96 daAuts
